Map: Abyssal Reef LE

Players

SortOf

  • Race: Zerg Zerg
  • Spawn Location: 5:00

Pokebunny - Winner!

  • Race: Terran Terran
  • Spawn Location: 11:00

Event: WCS Montreal 2017

VOD

Have the link to the VOD?

Description

Time

  • Played on: Sept. 8, 2017, 2:20 p.m.
  • Length: 4:25

All games in this series

Show
View Real Time Build Order
Export as new Build Order

SortOf Zerg 

Build Orders: Pool First 

Get SALT Encoding   

  12  0:00  Drone  
  13  0:13  Overlord  
  13  0:17  Drone  
  14  0:31  Drone x2  
  16  0:35  Drone  
  17  0:46  Spawning Pool  
  17  0:49  Drone  
  17  0:56  Drone  
  18  1:02  Extractor  
  17  1:15  Drone  
  17  1:17  Hatchery  
  17  1:20  Drone  
  18  1:33  Queen  
  18  1:34  Zergling x2  
  21  1:40  Overlord  
  21  1:50  Drone  
  22  1:59  Roach Warren  
  21  2:01  Drone  
  22  2:09  Queen  
  24  2:16  Overlord  
  24  2:39  Roach  
  24  2:40  Roach  
  24  2:41  Roach x2  
  24  2:42  Roach  
  34  2:45  Drone  
  34  2:49  Drone  
  34  2:50  Drone  
  36  2:55  Drone  
  36  2:57  Drone  
  38  3:04  Roach  
  40  3:06  Ravager  
  40  3:09  Overlord  
  41  3:14  Drone  
  41  3:19  Drone x2  
  44  3:26  Overlord  
  44  3:29  Drone x2  
  44  3:32  Ravager  
  44  3:33  Drone  
  48  3:35  Drone  
  49  3:45  Drone x2  
  49  3:50  Drone x2  
  49  3:53  Drone  
  49  3:55  Ravager  
  53  4:00  Hatchery  
  52  4:07  Drone x2  
  52  4:08  Drone  
  55  4:10  Drone x2  
  55  4:12  Drone  
  58  4:17  Extractor  
Show
View Real Time Build Order
Export as new Build Order

Pokebunny Terran - Winner!

Build Orders: Reaper Expand 

Get SALT Encoding   

  12  0:00  SCV  
  13  0:12  SCV  
  14  0:17  Supply Depot  
  14  0:24  SCV  
  15  0:38  SCV  
  15  0:40  Barracks  
  16  0:44  Refinery  
  16  0:50  SCV  
  17  1:03  SCV  
  18  1:15  SCV  
  19  1:28  Orbital Command, Reaper  
  20  1:40  Command Center  
  20  1:50  Barracks  
  20  1:54  SCV  
  21  2:01  Refinery  
  21  2:03  Barracks Reactor  
  21  2:06  SCV  
  22  2:11  Supply Depot  
  22  2:18  SCV  
  23  2:25  Factory  
  23  2:32  SCV  
  24  2:37  Barracks Tech Lab  
  24  2:38  Marine x2  
  26  2:48  SCV  
  27  2:59  Marine x3  
  27  3:00  SCV  
  31  3:06  Orbital Command  
  31  3:12  SCV  
  32  3:16  Bunker  
  33  3:22  Cyclone  
  33  3:25  Marine  
  36  3:27  Marine  
  36  3:30  Marine  
  36  3:33  SCV  
  39  3:35  SCV  
  39  3:50  Starport  
  39  3:53  Marine x3  
  42  3:57  Factory Tech Lab  
  42  3:59  SCV x2  
  42  4:01  Factory Reactor  
  44  4:10  Supply Depot  
Tags
 
Add a new tag
Caveats
  • Supply blocks, unpowered buildings, or Contaminate may cause inaccurate times.
  • Supply counts are checked every 10 seconds.